 Dungeon Crawl Stone Soup version 0.31-a0-700-gf13585253f (webtiles) character file.

Game seed: 7719342617313450312

44260 Joey1 the Grappler (level 14, -3/97 HPs) *EXPLORE*
             Began as an Octopode Shapeshifter on Sept 6, 2023.
             Was an Initiate of Gozag.
             Slain by a wolf (9 damage)
             ... on level 5 of the Lair of Beasts on Sept 7, 2023.
             The game lasted 00:37:49 (12803 turns).

Joey1 the Grappler (Octopode Shapeshifter)         Turns: 12803, Time: 00:37:52

Health: -3/97      AC:  1    Str: 23    XL:     14   Next: 27%
Magic:  14/14      EV: 14    Int: 12    God:    Gozag
Gold:   3396       SH: 21    Dex: 17    Spells: 13/13 levels left

rFire   + .          .
                       - Unarmed
rCold   + . .        J - +3 tower shield
rNeg    . . .        (helmet restricted)
rPois   .            F - amulet of regeneration
rElec   +            l - ring of protection from cold
rCorr   +            n - ring of see invisible
SInv    +            B - ring of resist corrosion
Will    ++...        G - +4 ring of slaying
Stlth   +++          O - ring of willpower
HPRegen 1.16/turn    Q - ring "Ziawk" {rElec rF+ Str+6 Dex+4}
MPRegen 0.14/turn    K - ring of flight
                     (no ring)

%: no passive effects
@: maw-form, gold aura, flying
A: devouring maw, almost no armour, amphibious, 8 rings, camouflage 1,
gelatinous body 1, (nimble swimmer 1), tentacles
a: Begin Untransformation, Renounce Religion, Potion Petition, Call Merchant,
Bribe Branch


You were on level 5 of the Lair of Beasts.
You worshipped Gozag.
Gozag was most pleased with you.
You were a creature with a mouth for a stomach.
You visited 2 branches of the dungeon, and saw 14 of its levels.
You also visited: Sewer and Volcano.

You collected 4614 gold pieces.
You spent 1116 gold pieces at shops.
You paid 102 gold pieces to Gozag.

Inventory:

Missiles
 o - 6 throwing nets
Armour
 I - a +0 kite shield
 J - a +3 tower shield (worn)
Jewellery
 l - a ring of protection from cold (left tentacle)
 n - a ring of see invisible (right tentacle)
 z - a ring of fire
 B - a ring of resist corrosion (on tentacle)
 F - an amulet of regeneration (around mantle)
 G - a +4 ring of slaying (on tentacle)
 K - a ring of flight (on tentacle)
 O - a ring of willpower (on tentacle)
 Q - the ring "Ziawk" (on tentacle) {rElec rF+ Str+6 Dex+4}
   (You bought it in a shop on level 8 of the Dungeon)

   [ring of strength]

   Str+6:     It affects your strength (+6).
   Dex+4:     It affects your dexterity (+4).
   rF+:       It protects you from fire.
   rElec:     It insulates you from electricity.
 T - an amulet of guardian spirit
Talismans
 b - a beast talisman
 c - a flux talisman
 i - a maw talisman (active)
Wands
 w - a wand of iceblast (11)
 L - a wand of paralysis (10)
 M - a wand of flame (39)
 P - a wand of digging (11)
Scrolls
 e - 2 scrolls of blinking
 g - 2 scrolls of fog
 j - a scroll of immolation
 x - 3 scrolls of vulnerability
 y - 3 scrolls of poison
 C - 4 scrolls of fear
 E - 4 scrolls of teleportation
 H - 2 scrolls of revelation
 N - 2 scrolls of noise
 R - a scroll of enchant weapon
 S - a scroll of brand weapon {unknown}
 U - a scroll of amnesia {unknown}
Potions
 a - 4 potions of lignification
 f - 3 potions of might
 h - 9 potions of curing
 k - 2 potions of haste {unknown}
 m - 3 potions of attraction {unknown}
 q - 4 potions of ambrosia {unknown}
 r - 7 potions of heal wounds {unknown}
 s - 3 potions of cancellation {unknown}
 t - 4 potions of invisibility {unknown}
 u - 4 potions of brilliance {unknown}
 v - a potion of magic {unknown}
 A - 3 potions of mutation {unknown}
 D - 5 potions of resistance


   Skills:
 + Level 9.3 Fighting
 - Level 5.0 Dodging
 * Level 13.1 Shields
 + Level 13.3 Unarmed Combat
 + Level 12.2 Shapeshifting


You had 13 spell levels left.
You didn't know any spells.
Your spell library contained the following spells:

 Spells                   Type           Power      Damage    Failure   Level
 Slow                     Hex            0%         N/A       67%         1
 Summon Small Mammal      Summ           0%         N/A       67%         1
 Call Canine Familiar     Summ           0%         N/A       96%         3
 Confusing Touch          Hex            0%         N/A       96%         3
 Gell's Gravitas          Tloc           0%         N/A       96%         3
 Summon Guardian Golem    Hex/Summ       0%         N/A       96%         3
 Teleport Other           Tloc           0%         N/A       96%         3
 Vampiric Draining        Necr           0%         2d6       96%         3
 Passage of Golubria      Tloc           0%         N/A       100%        4
 Silence                  Hex/Air        0%         N/A       100%        5
 Dispersal                Tloc           0%         N/A       100%        6
 Lehudib's Crystal Spear  Conj/Erth      0%         10d2      100%        8


Dungeon Overview and Level Annotations

Branches:
Dungeon (9/15)             Temple (0/1) D:5            Lair (5/5) D:9
  Swamp (0/4) Lair:3        Snake (0/4) Lair:3        Slime (0/5) Lair:4
  Sewer (visited)         Volcano (visited)
    Orc: D:9-12

Altars:
Dithmenos
Gozag
Kikubaaqudgha
Makhleb
Nemelex Xobeh
Wu Jian
Zin
Jiyva

Shops:
D:5 *[   D:8 *=


Innate Abilities, Weirdness & Mutations

You are a creature with a mouth for a stomach.
Your midsection houses a second, enormous mouth.
You cannot wear most types of armour.
You are amphibious.
You can wear up to eight rings at the same time.
Your skin changes colour to match your surroundings (Stealth+).
Your rubbery body absorbs attacks. (AC +1, EV +1)
((You are camouflaged when in or above water. (Stealth+)))
You have tentacles for arms and can constrict up to eight enemies at once.


Message History

* * * LOW HITPOINT WARNING * * *
The spriggan rider is distracted by your dazzling golden aura.
The wolf is distracted by your dazzling golden aura.
The wolf howls!
You see here 17 gold pieces.
You barely miss the spriggan rider.
The spriggan rider is no longer distracted by gold.
You grab the spriggan rider. You bite the spriggan rider!
The spriggan rider is lightly wounded.
You constrict the spriggan rider.
The wolf is distracted by your dazzling golden aura.
You block the spriggan rider's attack. You block the spriggan's attack.
The spriggan is distracted by your dazzling golden aura.
The spriggan shouts!
The spriggan rider blocks your attack. x2; You bite the spriggan rider!
The spriggan rider is moderately wounded.
You constrict the spriggan rider.
The spriggan is no longer distracted by gold.
The wolf is no longer distracted by gold.
The spriggan rider closely misses you. You block the spriggan's attack. x2
You block the wolf's attack.
The spriggan rider blocks your attack. x2; You bite the spriggan rider.
The spriggan rider is heavily wounded.
You constrict the spriggan rider. You block the wolf's attack.
You block the spriggan rider's attack. The spriggan closely misses you.
The spriggan hits you with a +0 short sword!
* * * LOW HITPOINT WARNING * * *
The wolf bites you.
* * * LOW HITPOINT WARNING * * *
You batter the spriggan rider!!
You kill the hornet!
The spriggan falls from its now dead mount.
You squeeze the spriggan!
You kill the spriggan!
The wolf is no longer distracted by gold.
The wolf bites you!
* * * LOW HITPOINT WARNING * * *
You block the spriggan's attack. The wolf bites you!
You die...
Your body crumbles into a pile of gold.

#.P....♣ #......♣♣
.. #.......♣ .♣
#......[♣ ..♣
#####.P....♣♣ ..♣
###.###.♣.♣♣$$♣ ♣..♣
...###..♣♣♣♣♣$♣♣♣..♣
#.......♣ ♣$♣♣h$♣
........♣ ♣$.hW.♣
........♣ ♣♣.ii♣♣
.......♣♣ ♣♣$.♣♣
......[♣ ♣...♣
.......♣ ♣.$♣♣♣♣♣♣
.......♣ ♣♣.......♣
......♣♣ ♣..♣.....♣
.... ♣♣..♣♣....♣
♣...♣ ♣..♣♣


You could see 2 spriggans and 2 wolves.

Vanquished Creatures
  Rupert (Lair:5)
  The ghost of Zoekh the Fighter, a journeyman DsCK of Xom (Lair:4)
  Snorg (Lair:5)
  A fire dragon (Lair:4)
  A catoblepas (Lair:3)
  5 two-headed ogres (Volcano)
  A hell hog (Volcano)
  6 spriggans
  2 skysharks
  2 bog bodies (Lair:3)
  A lindwurm (Lair:2)
  A salamander (Volcano)
  9 elephants
  8 black mambas
  A guardian serpent (Lair:3)
  4 cane toads
  14 rime drakes
  5 komodo dragons
  2 trolls
  3 polar bears
  5 hornets
  6 blink frogs (Lair:2)
  3 wyverns
  38 yaks
  2 fire bats (Volcano)
  2 basilisks
  11 steam dragons
  4 vampire mosquitoes (D:8)
  3 swamp worms (Lair:3)
  Edmund (D:5)
  15 water moccasins
  Duvessa (D:7)
  2 acid dragons
  8 ice beasts
  2 orc warriors (D:7)
  4 sky beasts
  6 black bears
  2 boggarts
  20 wolves
  10 centaurs
  5 ogres
  4 phantoms
  Blork the orc (D:4)
  12 bullfrogs
  A kobold brigand (Sewer)
  A gnoll sergeant (D:5)
  4 scorpions
  2 wights (D:7)
  10 killer bees (D:9)
  Dowan (D:7)
  4 howler monkeys
  An electric eel (Lair:3)
  Crazy Yiuf (D:2)
  2 hounds
  3 jellies
  4 orc priests
  A sleepcap (D:4)
  Jessica (D:2)
  Natasha (thrice) (D:2)
  4 iguanas
  Ijyb (D:4)
  2 orc wizards
  6 river rats
  4 adders
  2 shadow imps
  2 white imps
  2 worms
  2 dart slugs
  10 orcs
  10 ball pythons
  4 bats
  7 endoplasms
  6 giant cockroaches
  3 goblins
  5 hobgoblins
  5 jackals
  23 kobolds
  4 quokkas
  4 frilled lizards
  22 rats
403 creatures vanquished.

Vanquished Creatures (others)
  3 rime drakes (Lair:4)
  A bullfrog (Lair:4)
4 creatures vanquished.

Grand Total: 407 creatures vanquished

Notes
Turn   | Place    | Note
-------+----------+-------------------------------------------
     0 | D:1      | Joey1 the Octopode Shapeshifter began the quest for the
                  | Orb.
     0 | D:1      | Reached XP level 1. HP: 13/13 MP: 1/1
     0 | D:1      | Entered explore mode.
   222 | D:1      | Slain by a kobold
                  | ... wielding a +2 dagger of electrocution
                  | (11 damage)
   224 | D:1      | Reached XP level 2. HP: 18/18 MP: 2/2
   588 | D:1      | Found a faded altar of an unknown god.
   903 | D:2      | Reached XP level 3. HP: 24/24 MP: 3/3
   906 | D:2      | Noticed Natasha
   917 | D:2      | Killed Natasha
   949 | D:2      | Identified the +3 flail of Currency {flame, rElec rC+++
                  | Int-4 Dex-2}
  1095 | D:2      | Noticed Natasha
  1105 | D:2      | Killed Natasha
  1106 | D:2      | Reached XP level 4. HP: 27/29 MP: 4/4
  1141 | D:2      | Noticed Jessica
  1146 | D:2      | Killed Jessica
  1238 | D:2      | Noticed Natasha
  1246 | D:2      | Killed Natasha
  1247 | D:2      | Reached XP level 5. HP: 14/34 MP: 5/5
  1449 | D:2      | Reached skill level 5 in Unarmed Combat
  1474 | D:2      | Found a runed translucent door.
  1475 | D:2      | Noticed Crazy Yiuf
  1837 | D:2      | Slain by Crazy Yiuf
                  | ... wielding a +3 quarterstaff of chaos
                  | (4 damage)
  1838 | D:2      | Slain by Crazy Yiuf
                  | ... wielding a +3 quarterstaff of chaos
                  | (13 damage)
  1839 | D:2      | Killed Crazy Yiuf
  1909 | D:3      | Found a shadowy altar of Dithmenos.
  2393 | D:3      | Slain by a river rat (4 damage)
  2398 | D:3      | Reached XP level 6. HP: 4/39 MP: 6/6
  2405 | D:3      | Found a glowing drain.
  2416 | Sewer    | Entered a sewer
  2769 | Sewer    | Slain by a kobold brigand
                  | ... wielding a +0 dagger
                  | (7 damage)
  3048 | D:4      | Noticed Ijyb
  3050 | D:4      | Reached XP level 7. HP: 21/45 MP: 7/7
  3063 | D:4      | Killed Ijyb
  3140 | D:4      | Reached skill level 5 in Shapeshifting
  3251 | D:4      | Found an ornate altar of the Wu Jian Council.
  3313 | D:4      | Found an ancient bone altar of Kikubaaqudgha.
  3316 | D:4      | Found a glowing silver altar of Zin.
  3319 | D:4      | Found an opulent altar of Gozag.
  3414 | D:4      | Found a transporter.
  3560 | D:4      | Noticed Blork the orc
  3563 | D:4      | Killed Blork the orc
  3681 | D:4      | Found a transporter.
  3806 | D:4      | HP: 1/25 [something (7)]
  3807 | D:4      | Engulfed by a cloud of freezing vapour (9 damage)
  3808 | D:4      | Engulfed by a cloud of freezing vapour (10 damage)
  3808 | D:4      | Slain by an ice beast (6 damage)
  3811 | D:4      | Slain by an ice beast (5 damage)
  3814 | D:4      | Reached XP level 8. HP: 23/50 MP: 8/8
  3892 | D:5      | Entered Level 5 of the Dungeon
  3910 | D:5      | Found a burning altar of Makhleb.
  4121 | D:5      | HP: 1/34 [poisoned by a water moccasin]
  4126 | D:5      | HP: 1/34 [poisoned by a water moccasin]
  4152 | D:5      | Noticed Edmund
  4159 | D:5      | Killed Edmund
  4179 | D:5      | HP: 1/36 [gnoll sergeant/+0 spear (11)]
  4181 | D:5      | Slain by a gnoll sergeant
                  | ... wielding a +0 spear
                  | (4 damage)
  4183 | D:5      | Reached XP level 9. HP: 39/54 MP: 9/9
  4267 | D:5      | Found Reocyuru's General Store.
  4287 | D:5      | Reached skill level 1 in Shields
  4311 | D:5      | Found Imuxyt's Antique Armour Shop.
  4320 | D:5      | Bought a tower shield for 135 gold pieces
  4368 | D:5      | Found a staircase to the Ecumenical Temple.
  4371 | D:5      | You fall into a shaft and drop 1 floor!
  4386 | D:6      | Shot with an arrow by a centaur (12 damage)
  4389 | D:6      | Shot with an arrow by a centaur (12 damage)
  4396 | D:6      | Slain by a centaur (4 damage)
  4970 | D:4      | Became a worshipper of Gozag Ym Sagoz the Greedy
  5357 | D:7      | Reached XP level 10. HP: 23/63 MP: 10/10
  5440 | D:7      | Noticed Dowan
  5442 | D:7      | Noticed Duvessa
  5446 | D:7      | Killed Dowan
  5450 | D:7      | Killed Duvessa
  5816 | D:7      | Slain by a steam dragon (5 damage)
  5827 | D:7      | Reached skill level 5 in Dodging
  5829 | D:7      | Reached skill level 10 in Unarmed Combat
  6161 | D:7      | Reached skill level 5 in Fighting
  6403 | D:8      | Identified the +3 quarterstaff of Spores {protect, rPois
                  | rF+}
  6515 | D:8      | Reached skill level 5 in Shields
  6574 | D:8      | Found Xetid's Gadget Gallery.
  6753 | D:8      | Reached XP level 11. HP: 13/71 MP: 11/11
  6754 | D:8      | Slain by a vampire mosquito (9 damage)
  6859 | D:8      | Found Lug Sen's One-of-a-Kind Rings.
  7048 | D:8      | Found a sparkling altar of Nemelex Xobeh.
  7260 | D:8      | Slain by a yak (16 damage)
  7561 | D:9      | Slain by a bullfrog (6 damage)
  7578 | D:9      | Found a staircase to the Lair.
  7681 | D:9      | Mangled by a wyvern (19 damage)
  7912 | D:9      | Reached skill level 10 in Shapeshifting
  8228 | D:8      | Bought the ring "Ziawk" {rElec rF+ Str+6 Dex+4} for 981
                  | gold pieces
  8737 | Lair:1   | Entered Level 1 of the Lair of Beasts
  8750 | Lair:1   | You are sucked into a shaft and drop 1 floor!
  8755 | Lair:2   | Identified a scroll of acquirement
  8892 | Lair:2   | Noticed a skyshark
  8903 | Lair:2   | Killed a skyshark
  8915 | Lair:2   | Found a dark tunnel.
  8915 | Lair:2   | Noticed a lindwurm
  8922 | Lair:2   | Killed from afar by a lindwurm (20 damage)
                  | ... with a blast of flame
  8925 | Lair:2   | Killed a lindwurm
  8934 | Volcano  | Entered a volcano
  9083 | Volcano  | Noticed a two-headed ogre
  9083 | Volcano  | Noticed a salamander
  9083 | Volcano  | Noticed a two-headed ogre
  9087 | Volcano  | Killed a two-headed ogre
  9088 | Volcano  | Reached XP level 12. HP: 44/78 MP: 12/12
  9089 | Volcano  | Mangled by a salamander (12 damage)
  9091 | Volcano  | Killed a two-headed ogre
  9095 | Volcano  | HP: 1/79 [fire bat (3)]
  9096 | Volcano  | Slain by a fire bat (2 damage)
  9154 | Volcano  | Noticed a two-headed ogre
  9154 | Volcano  | Noticed a hell hog
  9154 | Volcano  | Noticed a two-headed ogre
  9159 | Volcano  | Killed a two-headed ogre
  9159 | Volcano  | Noticed a two-headed ogre
  9161 | Volcano  | Killed a two-headed ogre
  9162 | Volcano  | Killed from afar by a hell hog (11 damage)
                  | ... with a fireball
  9164 | Volcano  | Killed a hell hog
  9168 | Volcano  | HP: 3/80 [two-headed ogre/+0 giant club of flaming (24)]
  9168 | Volcano  | Slain by a two-headed ogre
                  | ... wielding a +0 giant club of flaming
                  | (4 damage)
  9170 | Volcano  | Killed a two-headed ogre
  9734 | Lair:2   | Reached skill level 10 in Shields
  9949 | Lair:2   | Demolished by a komodo dragon (27 damage)
 10238 | Lair:3   | Found a staircase to the Snake Pit.
 10246 | Lair:3   | HP: 3/81 [elephant (5)]
 10247 | Lair:3   | Mangled by an elephant (16 damage)
 10260 | Lair:3   | HP: 3/81 [elephant (15)]
 10261 | Lair:3   | Slain by an elephant (8 damage)
 10265 | Lair:3   | Reached XP level 13. HP: 84/86 MP: 13/13
 10274 | Lair:3   | Demolished by a guardian serpent (23 damage)
 10425 | Lair:3   | Found a staircase to the Swamp.
 10568 | Lair:3   | Slain by a catoblepas (34 damage)
 11204 | Lair:4   | HP: 2/88 [something/ball of steam (4)]
 11205 | Lair:4   | Killed from afar by a rime drake (13 damage)
                  | ... with an icy flash freeze
 11219 | Lair:4   | HP: 2/88 [steam dragon/ball of steam (9)]
 11222 | Lair:4   | Slain by a steam dragon (6 damage)
 11242 | Lair:4   | Slain by a skyshark (15 damage)
 11253 | Lair:4   | HP: 4/88 [steam dragon (11)]
 11255 | Lair:4   | Killed from afar by a rime drake (12 damage)
                  | ... with an icy flash freeze
 11273 | Lair:4   | Noticed a fire dragon
 11286 | Lair:4   | Slain by a fire dragon (11 damage)
 11288 | Lair:4   | Killed a fire dragon
 11535 | Lair:4   | Identified the +4 scale mail "Baown" {rF++ MP+9}
 11668 | Lair:4   | Acquired 944 gold pieces
 11837 | Lair:4   | Found a viscous altar of Jiyva.
 11837 | Lair:4   | Found a staircase to the Slime Pits.
 11959 | Lair:4   | Found a runed translucent door.
 11960 | Lair:4   | Upgraded the game from 0.31-a0-691-g409c26aa35 to
                  | 0.31-a0-700-gf13585253f
 11974 | Lair:4   | Identified the +1 trident of Goemot {freeze, rN+ Str-2
                  | Dex+6}
 11978 | Lair:4   | Noticed Zoekh's ghost (journeyman DsCK)
 12166 | Lair:4   | Killed Zoekh's ghost
 12262 | Lair:5   | Entered Level 5 of the Lair of Beasts
 12262 | Lair:5   | Noticed Rupert
 12269 | Lair:5   | Killed Rupert
 12288 | Lair:5   | Reached XP level 14. HP: 95/95 MP: 14/14
 12568 | Lair:5   | Noticed Snorg
 12575 | Lair:5   | Killed Snorg
 12795 | Lair:5   | Slain by a spriggan rider
                  | ... wielding a +0 spear
                  | (22 damage)
 12803 | Lair:5   | Slain by a wolf

Illustrated notes

Levels and vault maps discovered:
D:1:      psy_arrival_spokes, layout_basic, shapermc_ecumenical_altar_notcrosses
D:2:      layout_basic, uniq_natasha, uniq_jessica, uniq_crazy_yiuf_cottage
D:3:      layout_basic, grunt_dithmenos_smoke, portal_sewer_entry_e
D:4:      gammafunk_cloud_chamber, layout_rooms,
          grunt_temple_overflow_cloverleaf, minmay_pentomino_pile, uniq_ijyb,
          uniq_blork_the_orc
D:5:      layout_loops_cross, bloody_makhleb,
          minmay_temple_entry_enclosed_plants, serial_shops, shop, shop,
          grunt_ministairs_13, minmay_chambers_of_fives, uniq_edmund
D:6:      layout_gridville, centaur_isle
D:7:      minmay_the_grid_octo_tiled_squarecenter [minmay_the_grid_octo_focus,
          minmay_the_grid_octo_empty, minmay_the_grid_octo_chip,
          minmay_the_grid_octo_checkerflower,
          minmay_the_grid_square_5x5_megaprize_hollow,
          minmay_the_grid_square_5x5_hollow_slash,
          minmay_the_grid_square_5x5_three_walls,
          minmay_the_grid_square_5x5_inverted_slash,
          minmay_the_grid_square_5x5_bracketed], layout_basic, uniq_duvessa
D:8:      layout_cave_pods, nemelex_diamond_rough_becter,
          nicolae_shop_unique_rings, grunt_ministairs_14,
          mrwooster_statue_mirror, nicolae_shop_gadgets
D:9:      layout_layer_cave, due_lair_maze_entry_diamond
Lair:1:   layout_gridlike
Lair:2:   layout_regular_city, nicolae_volcano_entry_vermiform,
          grunt_megastairs_4
Lair:3:   layout_misc_corridors, nicolae_swamp_entry_splash_gauntlet,
          minmay_snake_entry_spellcaster, serial_forest,
          infiniplex_forest_end_2, infiniplex_forest_zigzag_1,
          infiniplex_forest_clump_long, infiniplex_forest_zigzag_2,
          infiniplex_forest_clump_small
Lair:4:   layout_regular_city, dpeg_slime_entry_enclosed,
          ebering_ghost_funeral_grove, bobbens_dragon_lair_wall,
          lemuel_fruit_tree
Lair:5:   minmay_lair_end_enchanted_forest, layout_hall_layers,
          chequers_serial_rivers_micro_d, uniq_snorg, uniq_rupert

Skill      XL: |  1  2  3  4  5  6  7  8  9 10 11 12 13 14 |
---------------+-------------------------------------------+-----
Fighting       | 2 3 5 7 8 9 |  9.3
Unarmed Combat | 4 5 6 7 8 9 10 11 12 13 | 13.3
Shapeshifting  | 4 5 7 8 9 10 11 12 | 12.2
Shields        | 3 5 8 10 12 13 | 13.1
Dodging        | 4 5 |  5.0

Action                     |  1- 3 |  4- 6 |  7- 9 | 10-12 | 13-15 || total
---------------------------+-------+-------+-------+-------+-------++-------
  Melee: Unarmed           |    53 |   122 |   146 |   371 |   260 ||   952
         Constrict         |     9 |    37 |    25 |    50 |    33 ||   154
         Punch             |     3 |     3 |    10 |    36 |    32 ||    84
         Tentacles         |     7 |    21 |    41 |    78 |    88 ||   235
         Maw               |       |    23 |    56 |   158 |   116 ||   353
    Use: Scroll            |       |       |       |    14 |     5 ||    19
   Stab: Sleeping          |     5 |     5 |     5 |    12 |     4 ||    31
         Distracted        |       |       |       |     3 |     6 ||     9
 Armour: Skin              |    16 |    53 |   104 |   255 |   172 ||   600
  Dodge: Dodged            |    27 |    75 |    96 |   251 |   150 ||   599
  Block: Tower shield      |       |       |       |       |   102 ||   102
   Form: Maw               |       |     1 |       |       |       ||     1

Table legend: (Time is in decaauts)
 A = Elapsed time spent in this place.
 B = Non-inter-level travel time spent in this place.
 C = Inter-level travel time spent in this place.
 D = Time resting spent in this place.
 E = Time spent auto-exploring this place.
 F = Levels seen in this place.
 G = Mean time per level.
                   A        B        C        D        E       F      G
               +--------+--------+--------+--------+--------+-----+--------+
         Total |  12650 |  12102 |    548 |     68 |   9893 |  16 |  790.6 |
       Dungeon |   8196 |   7772 |    424 |     68 |   6575 |   9 |  910.7 |
          Lair |   3644 |   3520 |    124 |      0 |   2806 |   5 |  728.8 |
         Sewer |    457 |    457 |      0 |      0 |    302 |   1 |  457.0 |
       Volcano |    351 |    351 |      0 |      0 |    210 |   1 |  351.0 |
               +--------+--------+--------+--------+--------+-----+--------+

Top non-repeatable levels by time:
     D:9: 1296 daAuts
  Lair:4: 1062 daAuts
  Lair:2: 1055 daAuts
     D:2: 1034 daAuts
     D:8: 1029 daAuts
     D:7: 1019 daAuts
  Lair:3: 976 daAuts
     D:4: 937 daAuts
     D:1: 868 daAuts
     D:6: 712 daAuts
     D:5: 675 daAuts
     D:3: 624 daAuts
  Lair:5: 537 daAuts
   Sewer: 457 daAuts
 Volcano: 351 daAuts
